Map: Royal Blood LE

Players

Kreeper

  • Race: Zerg Zerg
  • League: Diamond
  • Spawn Location: 7:00

Zerus - Winner!

  • Race: Terran Terran
  • League: Master
  • Spawn Location: 1:00

VOD

Have the link to the VOD?

Description

Time

  • Played on: July 25, 2023, 6:18 p.m.
  • Length: 16:19
Show
View Real Time Build Order
Export as new Build Order

Kreeper Zerg 

Build Orders: Hatch First, Lurkers 

Get SALT Encoding   

  12  0:09  Drone  
  12  0:14  Overlord  
  13  0:21  Drone  
  14  0:28  Extractor  
  13  0:31  Drone  
  15  0:43  Drone  
  16  0:52  Hatchery  
  16  0:54  Drone  
  16  1:04  Drone  
  16  1:09  Extractor  
  16  1:16  Spawning Pool  
  16  1:17  Drone  
  16  1:25  Drone  
  17  1:36  Drone  
  18  1:48  Drone  
  19  1:57  Overlord  
  19  2:02  Queen  
  19  2:05  Drone  
  19  2:06  Queen  
  24  2:08  Zergling x2  
  24  2:12  Metabolic Boost  
  26  2:15  Zergling x2  
  26  2:19  Drone  
  27  2:26  Drone  
  28  2:32  Zergling x2  
  28  2:36  Drone  
  30  2:42  Queen, Drone  
  33  2:48  Zergling x2  
  34  2:52  Drone  
  35  3:03  Overlord  
  35  3:08  Drone x2, Hatchery  
  36  3:14  Overlord  
  36  3:25  Zergling x2, Drone x3  
  40  3:33  Evolution Chamber  
  40  3:34  Overlord  
  39  3:36  Drone  
  39  3:41  Drone  
  41  3:47  Drone  
  42  3:49  Drone  
  42  3:50  Drone x2  
  42  3:51  Drone  
  46  4:08  Lair  
  46  4:09  Extractor  
  45  4:10  Extractor  
  45  4:14  Roach Warren  
  45  4:15  Zergling x2  
  45  4:16  Zergling x2, Drone x3  
  48  4:25  Zerg Ground Armor Level 1  
  48  4:30  Overlord  
  48  4:31  Drone x4  
  51  4:35  Drone  
  51  4:37  Drone  
  54  4:45  Spore Crawler x2  
  53  4:48  Overlord, Drone x2  
  53  4:49  Zergling x6  
  57  5:03  Drone x2  
  59  5:07  Roach x2  
  59  5:09  Zergling x4, Roach, Overlord  
  59  5:10  Overlord  
  59  5:11  Roach  
  69  5:23  Evolution Chamber  
  68  5:29  Zergling x2, Roach x2  
  68  5:30  Hatchery  
  72  5:37  Spore Crawler  
  72  5:41  Zergling x4, Roach x3  
  78  5:43  Zergling x2  
  71  5:50  Zergling x4, Roach x2  
  71  5:52  Zergling x2  
  71  5:53  Zergling x2  
  68  5:59  Drone, Roach  
  63  6:06  Zergling x2, Drone, Roach  
  63  6:07  Zergling x2  
  64  6:15  Zergling x2, Roach x2  
  64  6:22  Zergling x4, Roach  
  64  6:23  Zergling x2  
  66  6:29  Drone  
  64  6:35  Drone x5  
  69  6:43  Drone x3  
  72  6:50  Hydralisk Den, Zerg Missile Weapons Level 1  
  72  6:52  Zerg Melee Weapons Level 1  
  72  6:53  Drone x3  
  74  7:02  Baneling Nest  
  74  7:03  Queen  
  75  7:12  Roach, Drone x2  
  75  7:13  Drone x3  
  82  7:20  Overseer x2  
  82  7:21  Overlord  
  82  7:27  Ravager x4  
  82  7:29  Zergling x8, Roach  
  91  7:30  Zergling x6  
  91  7:35  Drone x3  
  96  7:39  Queen  
  98  7:48  Zergling x6, Drone x2, Overlord  
  98  7:49  Drone  
  98  7:50  Centrifugal Hooks  
  104  7:53  Overlord  
  104  7:59  Baneling x3  
  104  8:02  Overlord  
  104  8:12  Baneling x3  
  79  8:37  Zergling x14, Roach x6  
  79  8:38  Zergling x4, Roach x2  
  91  8:43  Zergling x2, Drone, Roach  
  91  8:44  Zergling x8  
  99  8:49  Extractor  
  99  8:51  Extractor  
  100  8:55  Zergling x4, Roach  
  100  9:00  Baneling x4  
  100  9:01  Zergling x4  
  103  9:02  Hatchery  
  103  9:08  Extractor  
  103  9:09  Zergling x2  
  88  9:24  Zergling x4, Drone  
  88  9:25  Zergling x8, Drone x3  
  88  9:26  Zergling x2  
  99  9:41  Hatchery  
  99  9:49  Hydralisk  
  99  9:50  Zergling x2, Hydralisk x3  
  99  9:51  Zergling x4  
  105  9:59  Muscular Augments  
  105  10:06  Overlord x7  
  105  10:07  Overlord  
  105  10:13  Hatchery  
  104  10:15  Overlord  
  104  10:16  Overlord  
  104  10:26  Baneling x3  
  104  10:27  Hydralisk  
  104  10:28  Hydralisk x5  
  115  10:47  Zergling x6, Hydralisk, Roach x3  
  115  10:48  Zergling x2  
  124  10:56  Hydralisk  
  124  10:57  Hydralisk  
  124  10:58  Hydralisk x3  
  126  11:10  Hydralisk x3  
  126  11:11  Roach  
  134  11:13  Lurker Den  
  133  11:29  Hatchery  
  132  11:33  Queen  
  132  11:34  Extractor, Zergling x4  
  132  11:35  Extractor, Zergling x14  
  141  11:46  Zergling x2, Hydralisk x2, Drone x3  
  149  11:52  Zergling x4  
  151  11:59  Baneling x5  
  151  12:00  Zergling x2, Baneling x2  
  152  12:02  Overlord x2  
  152  12:17  Grooved Spines, Overlord x2  
  152  12:18  Zerg Missile Weapons Level 2  
  152  12:24  Lurker x3  
  152  12:27  Zergling x6  
  152  12:28  Drone x6  
  152  12:29  Drone x2  
  166  12:31  Queen  
  166  12:32  Extractor  
  166  12:34  Extractor  
  138  12:49  Zergling x6, Roach x2  
  138  12:50  Zergling x6, Roach x4  
  109  12:55  Zergling x2  
  109  12:58  Zergling x4  
  107  13:00  Zergling x2  
  107  13:02  Lurker x4  
  107  13:03  Lurker  
  107  13:05  Zergling x2  
  114  13:09  Zergling x2, Roach x3  
  114  13:10  Roach  
  121  13:13  Baneling x3  
  121  13:15  Zergling x2, Roach  
  106  13:34  Zergling x4, Roach  
  106  13:35  Zergling x4, Roach x5  
  120  13:49  Hydralisk x3  
  120  13:50  Roach x3  
  132  13:56  Drone x3  
  132  14:00  Hatchery  
  134  14:06  Roach x2  
  134  14:07  Zergling x2, Roach x4  
  134  14:09  Ravager x4  
  151  14:12  Baneling x2  
  151  14:13  Baneling  
  151  14:14  Baneling  
  136  14:43  Zergling x6, Roach  
  136  14:44  Zergling x14, Roach x7  
  155  15:02  Zergling x14  
  155  15:03  Zergling x2  
  146  15:16  Zergling x2, Roach  
  146  15:17  Zergling x6, Roach x6  
  158  15:39  Zergling x6, Hydralisk x4  
  154  15:54  Hatchery  
  141  16:06  Drone  
Show
View Real Time Build Order
Export as new Build Order

Zerus Terran - Winner!

Build Orders: Command Center First 

Get SALT Encoding   

  12  0:00  SCV  
  13  0:13  SCV  
  14  0:20  Supply Depot  
  14  0:26  SCV  
  15  0:41  SCV  
  16  0:53  SCV  
  17  1:00  Command Center  
  17  1:05  SCV  
  18  1:16  Barracks  
  18  1:21  Refinery  
  18  1:23  SCV  
  19  1:35  Barracks  
  19  1:37  SCV  
  20  1:50  Supply Depot  
  20  1:53  Refinery  
  20  1:56  SCV  
  21  2:02  Barracks Tech Lab  
  21  2:06  Barracks Reactor  
  21  2:15  Orbital Command  
  21  2:26  Orbital Command  
  21  2:30  Barracks Tech Lab  
  21  2:41  SCV  
  21  2:43  Marine x2  
  24  2:51  Factory  
  24  2:54  SCV  
  24  2:57  Marine  
  26  3:03  Stimpack  
  26  3:05  Marine  
  26  3:08  Marine, SCV  
  29  3:13  SCV  
  29  3:15  Marine  
  31  3:21  SCV  
  31  3:23  Marine  
  31  3:25  Marine  
  31  3:26  SCV  
  35  3:29  Supply Depot  
  35  3:34  Marine  
  35  3:38  Factory Reactor  
  36  3:41  Starport  
  36  3:43  Marine  
  36  3:45  SCV  
  36  3:47  SCV  
  39  3:49  Marine  
  39  3:55  Marine  
  41  3:59  SCV  
  41  4:01  Marine  
  44  4:02  SCV  
  44  4:07  Supply Depot  
  44  4:08  Marine  
  45  4:10  Supply Depot  
  45  4:11  SCV  
  45  4:13  Marine  
  47  4:19  Marine  
  47  4:24  SCV  
  49  4:26  Marine  
  49  4:27  SCV  
  49  4:31  Marine, Factory Tech Lab  
  52  4:35  Medivac x2  
  52  4:37  Marine  
  57  4:41  SCV x2  
  57  4:44  Marine  
  60  4:49  Command Center  
  60  4:54  Siege Tank  
  60  4:57  SCV x2  
  65  5:04  Engineering Bay  
  65  5:09  Engineering Bay  
  65  5:16  Supply Depot  
  65  5:17  Marine  
  65  5:19  Marine x2, Supply Depot  
  68  5:23  Bunker  
  68  5:24  Medivac  
  70  5:37  SCV x2  
  70  5:40  Marine  
  70  5:42  Marine x2  
  75  5:49  SCV x2  
  73  6:08  SCV  
  73  6:11  Medivac, Siege Tank  
  79  6:13  Barracks  
  79  6:14  Barracks  
  79  6:15  Barracks  
  79  6:17  SCV, Combat Shield  
  79  6:18  Marine x2  
  78  6:19  Terran Infantry Weapons Level 1  
  78  6:20  Refinery x2  
  73  6:32  Marine  
  70  6:34  SCV x2  
  70  6:35  Marine  
  70  6:36  Marine  
  70  6:38  Orbital Command  
  70  6:39  Medivac  
  76  6:46  SCV  
  77  6:47  Supply Depot  
  77  6:48  SCV  
  77  6:49  Supply Depot  
  77  6:50  Marauder  
  77  6:53  Marine  
  81  6:58  Marine, SCV  
  83  7:05  Orbital Command  
  83  7:06  SCV  
  83  7:07  Barracks Tech Lab  
  84  7:09  Barracks Reactor x2  
  84  7:10  SCV  
  84  7:11  Siege Tank  
  84  7:12  Marauder  
  90  7:18  SCV  
  90  7:22  SCV  
  92  7:30  Marine, SCV  
  92  7:33  Marauder  
  92  7:34  Marine, SCV  
  92  7:35  Marauder  
  100  7:38  SCV  
  100  7:40  Supply Depot x2  
  100  7:42  SCV  
  100  7:43  Armory  
  66  7:44  Medivac  
  102  7:46  SCV  
  102  7:47  Marine, Medivac  
  102  7:50  SCV  
  109  7:54  Marine, SCV, Concussive Shells  
  109  7:55  Marine, Marauder  
  109  7:56  Marauder  
  116  7:59  SCV  
  116  8:01  Marine  
  116  8:02  SCV  
  119  8:07  SCV  
  119  8:09  Marine  
  121  8:16  Marauder  
  121  8:17  Marauder  
  113  8:29  Marine  
  108  8:35  Marine  
  108  8:36  SCV  
  108  8:37  SCV x2, Marauder  
  108  8:39  Marine x2, Marauder, Refinery  
  108  8:40  Refinery  
  108  8:41  Medivac x2, Siege Tank  
  121  8:43  Command Center  
  121  8:44  Marine  
  127  8:48  SCV  
  127  8:51  Marine, SCV x2  
  128  8:56  Barracks  
  128  8:58  Supply Depot  
  128  8:59  Supply Depot, Marauder  
  128  9:00  Barracks, Marauder  
  128  9:02  Barracks  
  132  9:03  Marine  
  132  9:09  SCV  
  133  9:12  Medivac  
  126  9:20  Marauder  
  126  9:22  Marine x2, Marauder  
  126  9:23  Marine, SCV  
  130  9:24  SCV x2  
  129  9:32  Marine  
  129  9:33  Siege Tank  
  129  9:34  Medivac  
  135  9:38  Supply Depot  
  135  9:40  SCV x2, Supply Depot x2  
  135  9:42  Medivac, Supply Depot, Marauder  
  135  9:43  Marauder  
  143  9:46  Marine, Command Center  
  143  9:47  Marine x2  
  143  9:48  Barracks Reactor  
  143  9:50  Barracks Reactor  
  144  9:59  Marine  
  144  10:01  Terran Infantry Weapons Level 2  
  144  10:02  Terran Infantry Armor Level 1  
  144  10:03  Marauder  
  144  10:04  Marauder  
  149  10:15  Marine x2  
  149  10:21  Medivac, Siege Tank  
  156  10:22  SCV  
  156  10:24  Barracks Reactor, Marauder  
  156  10:26  Marauder  
  161  10:31  Marine x2  
  163  10:39  Marine x2  
  163  10:46  Marine, Marauder  
  163  10:47  Marauder  
  163  10:48  Marine  
  163  10:49  Medivac  
  165  10:53  Siege Tank  
  165  11:01  Marine  
  163  11:06  Planetary Fortress  
  163  11:07  Marauder  
  163  11:09  Medivac, Marauder  
  169  11:12  SCV  
  169  11:16  Marine  
  171  11:19  Medivac  
  171  11:22  Marine  
  171  11:25  Siege Tank  
  177  11:28  Marauder  
  177  11:30  Marauder  
  174  11:33  SCV  
  175  11:43  Ghost Academy  
  175  11:47  Marine  
  175  11:48  Barracks  
  175  11:49  Barracks  
  175  11:50  Marauder  
  175  11:51  Barracks, Marauder  
  180  11:55  Marine, Sensor Tower  
  180  11:56  Marine  
  180  12:00  Factory  
  180  12:02  Medivac x2, Siege Tank  
  180  12:03  Command Center  
  180  12:04  Marine x2  
  180  12:05  Command Center  
  189  12:09  SCV  
  189  12:10  Refinery  
  189  12:11  Marauder, Refinery  
  189  12:12  Terran Infantry Armor Level 2  
  189  12:13  Marauder  
  189  12:14  Planetary Fortress  
  194  12:15  Marine  
  194  12:19  Marine x2, SCV  
  194  12:21  Marine x2  
  192  12:31  Marine x2  
  192  12:33  Marine, Marauder  
  192  12:34  Marine x2, Marauder  
  177  12:53  Barracks Reactor x2  
  177  12:54  Barracks Reactor  
  177  12:55  Marauder  
  171  12:58  Barracks Tech Lab  
  171  12:59  Barracks Tech Lab x2  
  171  13:00  Marine x2  
  171  13:01  Marauder  
  175  13:07  Marine x2, Terran Infantry Weapons Level 3  
  175  13:10  Medivac x2, Siege Tank  
  175  13:11  Terran Vehicle Weapons Level 1  
  175  13:12  Factory Tech Lab  
  184  13:17  Marauder  
  186  13:22  Marauder  
  150  13:35  Marine  
  150  13:37  Marine x2  
  150  13:38  Marine, Marauder x4  
  150  13:39  SCV, Siege Tank  
  150  13:40  Marine  
  157  13:42  Marine x2  
  157  13:43  Marauder  
  161  13:49  Marine  
  161  13:51  Barracks  
  161  13:55  Barracks x2  
  162  13:57  SCV  
  162  13:58  Marine x4  
  162  13:59  Siege Tank, Marauder x2  
  162  14:00  Marauder, Orbital Command  
  162  14:01  Orbital Command  
  178  14:04  Marine x2, Command Center  
  178  14:05  Marauder  
  178  14:06  Command Center  
  178  14:07  Medivac  
  184  14:20  Marine  
  184  14:21  Marauder x3  
  191  14:26  Marauder, Sensor Tower  
  191  14:27  Missile Turret  
  191  14:28  Missile Turret, Unknown  
  193  14:33  Marine  
  193  14:34  Marauder  
  193  14:38  Marine  
  192  14:41  Siege Tank  
  192  14:42  Marauder  
  192  14:44  Marine  
  192  14:45  Marine, Marauder  
  195  14:46  Marauder  
  200  15:12  Marine, Marauder  
  199  15:15  Marine, Barracks Reactor  
  199  15:16  Barracks Reactor x2  
  199  15:18  Unknown  
  199  15:21  Command Center  
  194  15:32  Marine  
  195  15:39  Marine, Marauder  
  197  15:47  Marine  
  197  15:48  Marauder  
  196  15:58  Marine  
  196  15:59  Marine  
Tags
 
Add a new tag
Caveats
  • Supply blocks, unpowered buildings, or Contaminate may cause inaccurate times.
  • Supply counts are checked every 10 seconds.